 Dungeon Crawl Stone Soup version 0.22-a0-135-g6f012ad (console) character file.

119471 wasd64 the Executioner (level 16, -1/136 HPs)
             Began as a Minotaur Fighter on Apr 19, 2017.
             Was a High Priest of Okawaru.
             Slain by a wolf spider (5 damage)
             ... on level 2 of the Spider Nest on Jan 31, 2018.
             The game lasted 01:43:04 (33343 turns).

wasd64 the Executioner (Minotaur Fighter)          Turns: 33343, Time: 01:43:04

Health: -1/136     AC: 16    Str: 32    XL:     16   Next: 27%
Magic:  16/21      EV: 19    Int:  5    God:    Okawaru [*****.]
Gold:   2295       SH:  0    Dex: 17    Spells: 15/15 levels left

rFire    . . .     SeeInvis +   a - +8 mithril axe "Arga" {speed, MR+}
rCold    . . .     Gourm    .   (no shield)
rNeg     + . .     Faith    .   H - +3 ring mail "Teodukli" {*Drain rElec rPois Dex+9}
rPois    +         Spirit   .   (helmet restricted)
rElec    +         Reflect  .   j - +1 cloak {MR+}
rCorr    +         Harm     .   (no gloves)
MR       +++..                  Z - +0 pair of boots of the Butterfly {rN+ rCorr Dex-3 SInv}
Stlth    ++........             (no amulet)
HPRegen  0.32/turn              y - ring of flight
MPRegen  0.17/turn              L - +5 ring of strength

@: lethally poisoned (-1 -> -2), heroism, finesse, invisible
A: retaliatory headbutt, horns 2
a: Heroism, Finesse, Renounce Religion, Evoke Flight


You were on level 2 of the Spider Nest.
You worshipped Okawaru.
Okawaru was extremely pleased with you.
You were not hungry.

You visited 5 branches of the dungeon, and saw 26 of its levels.
You also visited: Labyrinth, Sewer and Bailey.

You collected 2992 gold pieces.
You spent 697 gold pieces at shops.

Inventory:

Hand Weapons
 a - the +8 mithril axe "Arga" (weapon) {speed, MR+}
   (You found it in a labyrinth)

   Attacks with this weapon are significantly faster.
   It affects your resistance to hostile enchantments.
 b - a +0 arbalest
 E - a +5 executioner's axe of venom
 N - the +6 scimitar "Minotaur's Peril" {venom, rF+ MP+9 Str-3 Stlth+}
   (You found it in a labyrinth)

   It poisons the flesh of those it strikes.
   It affects your strength (-3).
   It protects you from fire.
   It affects your magic capacity (+9).
   It makes you more stealthy.
Missiles
 e - 290 bolts
Armour
 c - a +0 shield
 g - the scarf "Biblear" {rElec}
   (Okawaru gifted it to you on level 6 of the Lair of Beasts)

   It insulates you from electricity.
 j - a +1 cloak of magic resistance (worn)
 v - the +1 crystal plate armour of Valour {Str+2}
   (Okawaru gifted it to you on level 2 of the Orcish Mines)

   It affects your strength (+2).
 H - the +3 ring mail "Teodukli" (worn) {*Drain rElec rPois Dex+9}
   (You found it on level 5 of the Lair of Beasts)

   It affects your dexterity (+9).
   It insulates you from electricity.
   It protects you from poison.
   It causes draining when unequipped.
 Z - the +0 pair of boots of the Butterfly (worn) {rN+ rCorr Dex-3 SInv}
   (You bought it in a shop on level 15 of the Dungeon)

   It affects your dexterity (-3).
   It protects you from negative energy.
   It lets you see invisible.
   It protects you from acid and corrosion.
Jewellery
 p - an uncursed ring of positive energy
 q - a +4 ring of evasion
 y - a ring of flight (left hand)
 G - a +4 ring of intelligence
 L - a +5 ring of strength (right hand)
Wands
 u - a wand of flame (36)
 B - a wand of acid (5)
 J - a wand of iceblast (12)
 M - a wand of enslavement (11)
 Q - a wand of polymorph (9)
 T - a wand of disintegration (8)
 U - a wand of paralysis (11)
Scrolls
 h - 4 scrolls of amnesia
 i - 5 scrolls of identify
 l - 4 scrolls of fear
 m - 4 scrolls of fog
 r - 7 scrolls of remove curse
 t - 3 scrolls of blinking
 w - a scroll of brand weapon
 z - 5 scrolls of magic mapping
 C - 4 scrolls of teleportation
 D - 7 scrolls of enchant armour
 K - 4 scrolls of enchant weapon
 P - 3 scrolls of silence
 S - 2 scrolls of acquirement
 X - a scroll of vulnerability
Potions
 d - 3 potions of might
 k - 5 potions of flight
 n - 5 potions of agility
 o - 2 potions of curing
 s - 3 potions of magic
 x - 4 potions of brilliance
 A - 2 potions of ambrosia
 F - 2 potions of invisibility
 I - a potion of cancellation
 O - a potion of resistance
 V - 4 potions of mutation
 W - a potion of haste
 Y - a potion of berserk rage
Comestibles
 f - 31 rations


   Skills:
 - Level 10.7(15.7) Fighting
 - Level 24.4(27) Axes
 * Level 6.4(11.4) Crossbows
 + Level 11.3(16.3) Armour
 + Level 5.8(10.8) Dodging
 - Level 10.1(15.1) Shields
 - Level 8.2 Invocations
 + Level 2.7 Evocations


You had 15 spell levels left.
You didn't know any spells.

Dungeon Overview and Level Annotations

Branches:
Dungeon (15/15)            Temple (1/1) D:7            Lair (6/6) D:11
  Swamp (0/4) Lair:4       Spider (2/4) Lair:4        Slime (0/5) Lair:6
    Orc (2/2) D:12            Elf (0/3) Orc:2        Vaults (0/5) D:13
 Depths (0/5) D:15

Altars:
Ashenzari
Cheibriados
Dithmenos
Elyvilon
Fedhas
Gozag
Hepliaklqana
Kikubaaqudgha
Makhleb
Nemelex Xobeh
Okawaru
Qazlal
Ru
Sif Muna
Trog
Uskayaw
Vehumet
Wu Jian
Xom
Yredelemnul
Zin
The Shining One

Shops:
D:5 =   D:6 ?   D:7 (   D:9 *   D:12 (   D:15 [   Orc:2 ??(

Portals:
Hell: Lair:6
Pandemonium: Orc:2

Annotations:
Lair:1 exclusion: oklob plant
Spider:2 Arachne


Innate Abilities, Weirdness & Mutations

You reflexively headbutt those who attack you in melee.
You have a pair of horns on your head.


Message History

Arachne blinks!
The jumping spider pounces on you!
* * * LOW HITPOINT WARNING * * *
The jumping spider bites you.
* * * LOW HITPOINT WARNING * * *
The wolf spider completely misses you. The wolf spider closely misses you.
The jumping spider closely misses you. x2
Okay, then.
You fade into invisibility!
The jumping spider barely misses you.
The jumping spider completely misses you.
The wolf spider barely misses you. The wolf spider bites you!
* * * LOW HITPOINT WARNING * * *
The jumping spider pounces on you!
* * * LOW HITPOINT WARNING * * *
The jumping spider completely misses you.
The jumping spider closely misses you. x2; The jumping spider barely misses you.
You furiously retaliate!
You headbutt the jumping spider! The jumping spider barely misses you.
The orb spider spins a strand of pure energy.
The jumping spider misses you. You furiously retaliate!
You headbutt the jumping spider!! The jumping spider misses you.
The wolf spider hits you.
You die...

## ##..
.....
#####.^...
#...s.....
##ss..ยง....
#.ss.......
###@s.H....
#ss...#..
##.......
......#
##....#
..### .% ...


You could see Arachne (invisible), a wolf spider, 3 orb spiders and 4 jumping
spiders.

Vanquished Creatures
  Gastronok (Lair:2)
  A stone giant (D:15)
  Azrael (Spider:1)
  Snorg (Lair:5)
  A minotaur (Lab)
  2 yaktaur captains
  A vault guard (D:13)
  3 catoblepae
  3 centaur warriors
  10 hydras
  5 ogre magi
  11 two-headed ogres
  4 orc high priests (Orc:2)
  10 death yaks
  A vampire mage (D:13)
  Nergalle (D:10)
  A soul eater (Orc:2)
  Urug (D:11)
  A sun demon (Lair:6)
  Sonja (D:11)
  2 sixfirhies (Orc:2)
  A skeletal warrior (D:13)
  2 unseen horrors
  4 wizards
  10 orc knights
  A phantasmal warrior (D:13)
  2 orb spiders (Spider:1)
  7 orc sorcerers (Orc:2)
  4 cyclopes
  3 wolf spiders
  3 ugly things
  3 slime creatures (D:13)
  3 manticores
  10 elephants
  8 black mambas
  A torpor snail (Spider:1)
  A rust devil (Orc:2)
  10 spiny frogs
  An orange demon (Lair:6)
  A smoke demon (Lair:6)
  5 rime drakes
  4 yaktaurs (D:15)
  11 komodo dragons
  2 demonic crawlers (Spider:1)
  An efreet (D:13)
  3 ice devils (Lair:6)
  2 jumping spiders
  A minotaur zombie (Lab)
  A red devil (Lair:6)
  A troll (shapeshifter) (D:11)
  7 trolls
  A wolf spider simulacrum (D:15)
  2 hornets
  A polar bear (Lair:5)
  3 meliai (D:15)
  A wind drake (shapeshifter) (D:13)
  A harpy skeleton (D:15)
  17 blink frogs
  8 dream sheep (Lair:6)
  9 hippogriffs
  3 shadows
  5 tarantellas (Spider:1)
  3 wraiths
  4 wyverns
  5 redbacks
  A spriggan (D:7)
  A vampire (D:13)
  6 fire elementals (Spider:1)
  33 yaks
  2 basilisks
  2 steam dragons
  9 vampire mosquitoes
  3 hungry ghosts
  A warg (Orc:2)
  A soldier ant (shapeshifter) (D:15)
  6 hell hounds
  An acid dragon (D:13)
  7 porcupines
  18 water moccasins
  Purgy (Sewer)
  4 sky beasts
  5 ice beasts
  16 ogres
  3 phantoms
  2 black bears
  An eye of draining (Lair:6)
  53 orc warriors
  A necrophage (D:8)
  20 wolves
  12 centaurs
  15 crocodiles
  4 big kobolds
  17 bullfrogs
  2 water moccasin skeletons
  6 scorpions
  16 killer bees
  11 wights
  4 electric eels (D:9)
  11 crimson imps
  4 bullfrog zombies
  9 hounds
  5 centaur zombies
  2 jellies
  29 orc priests
  20 orc wizards
  10 bullfrog skeletons
  5 centaur skeletons
  An iguana (D:8)
  Jessica (D:2)
  Ijyb (D:2)
  Natasha (thrice) (D:3)
  11 worker ants
  16 adders
  4 gnolls
  A worker ant zombie (D:7)
  3 river rats (D:3)
  5 shadow imps
  4 oozes
  2 adder zombies (D:7)
  10 worms
  4 dart slugs
  4 leopard geckos
  99 orcs
  7 giant cockroaches
  15 goblins
  11 hobgoblins
  11 jackals
  34 kobolds
  7 quokkas
  2 ball pythons
  22 bats
  8 frilled lizards
  A jackal zombie (D:5)
  3 quokka skeletons
  A quokka zombie (D:6)
  14 rats
  4 fungi
  A plant (Lair:3)
927 creatures vanquished.

Vanquished Creatures (others)
  A centaur (D:10)
  A worker ant zombie (D:10)
  3 bushes (Lair:6)
  9 fungi
  16 plants
30 creatures vanquished.

Grand Total: 957 creatures vanquished

Notes
Turn   | Place    | Note
-------+----------+-------------------------------------------
     0 | D:1      | wasd64 the Minotaur Fighter began the quest for the Orb.
     0 | D:1      | Reached XP level 1. HP: 19/19 MP: 0/0
    44 | D:1      | Reached XP level 2. HP: 27/27 MP: 1/1
   572 | D:1      | Reached XP level 3. HP: 32/33 MP: 2/2
   664 | D:1      | Reached skill level 3 in Axes
  1590 | D:2      | Noticed Jessica
  1593 | D:2      | Killed Jessica
  1593 | D:2      | Reached XP level 4. HP: 40/40 MP: 3/3
  1893 | D:2      | Reached skill level 4 in Axes
  2066 | D:2      | Noticed Ijyb
  2098 | D:2      | Killed Ijyb
  2098 | D:2      | Reached XP level 5. HP: 25/46 MP: 4/4
  2457 | D:2      | Noticed a moth of wrath
  2460 | D:2      | Found a bloodstained altar of Trog.
  2475 | D:2      | HP: 1/46 [worm (4)]
  3258 | D:3      | Noticed Natasha
  3260 | D:3      | Killed Natasha
  3268 | D:3      | Reached skill level 5 in Axes
  3348 | D:3      | Found a glowing drain.
  3356 | Sewer    | Entered a sewer
  3388 | Sewer    | Noticed Purgy
  3395 | Sewer    | Killed Purgy
  3395 | Sewer    | Reached skill level 5 in Armour
  3395 | Sewer    | Reached XP level 6. HP: 50/53 MP: 5/5
  3585 | D:3      | Reached skill level 6 in Axes
  3585 | D:3      | Reached skill level 5 in Shields
  4028 | D:3      | Noticed Natasha
  4033 | D:3      | Killed Natasha
  4142 | D:3      | Noticed Natasha
  4146 | D:3      | Killed Natasha
  4146 | D:3      | Reached skill level 1 in Dodging
  4146 | D:3      | Reached XP level 7. HP: 49/60 MP: 6/6
  4518 | D:4      | Reached skill level 7 in Axes
  4859 | D:5      | Entered Level 5 of the Dungeon
  5079 | D:5      | Found Tant's Jewellery Shoppe.
  5098 | D:5      | Reached skill level 8 in Axes
  5156 | D:5      | Got a warped war axe
  5160 | D:5      | Identified the +2 war axe of Causality {flame, Fragile Str+4 Int+3} (You found it on level 5 of the Dungeon)
  5383 | D:6      | Reached skill level 5 in Fighting
  5416 | D:6      | Reached XP level 8. HP: 61/68 MP: 7/7
  5460 | D:6      | Reached skill level 9 in Axes
  5598 | D:6      | Found Goirungu's Magic Scroll Shoppe.
  5704 | D:6      | Reached skill level 10 in Axes
  5871 | D:6      | Found a shimmering altar of Xom.
  5875 | D:6      | Found a shimmering altar of Xom.
  5891 | D:6      | Found a shimmering altar of Xom.
  6690 | D:7      | Reached XP level 9. HP: 39/75 MP: 8/8
  6855 | D:7      | Found a staircase to the Ecumenical Temple.
  6863 | Temple   | Entered the Ecumenical Temple
  6956 | Temple   | Became a worshipper of Warmaster Okawaru
  7152 | D:7      | Reached skill level 11 in Axes
  7206 | D:7      | Found Igrowink's Weapon Shop.
  7539 | D:7      | Noticed a troll
  7545 | D:7      | Killed a troll
  7545 | D:7      | Reached * piety under Okawaru
  7545 | D:7      | Reached skill level 12 in Axes
  8052 | D:8      | Reached ** piety under Okawaru
  8449 | D:8      | Reached XP level 10. HP: 86/86 MP: 9/9
  8631 | D:8      | Reached skill level 1 in Invocations
  8781 | D:8      | Noticed a two-headed ogre
  8791 | D:8      | Killed a two-headed ogre
  8791 | D:8      | Reached skill level 13 in Axes
  9180 | D:9      | Reached *** piety under Okawaru
  9438 | D:9      | Found Xutaxt's General Store.
  9650 | D:9      | Noticed a two-headed ogre
  9657 | D:9      | Killed a two-headed ogre
  9657 | D:9      | Reached **** piety under Okawaru
  9657 | D:9      | Reached skill level 14 in Axes
  9947 | D:9      | Found a runed door.
  9981 | D:9      | Noticed a cyclops
  9994 | D:9      | Killed a cyclops
  9994 | D:9      | Reached XP level 11. HP: 65/94 MP: 9/12
 10431 | D:9      | Noticed a centaur warrior
 10431 | D:9      | Noticed a two-headed ogre
 10442 | D:9      | Killed a centaur warrior
 10453 | D:9      | Killed a two-headed ogre
 10453 | D:9      | Reached ***** piety under Okawaru
 10458 | D:9      | Got a glittering platinum ring
 10480 | D:9      | Identified the ring "Ybrumaor" {Ice *Drain Slay+4} (You found it on level 9 of the Dungeon)
 10491 | D:10     | Entered Level 10 of the Dungeon
 10507 | D:10     | Noticed Nergalle
 10522 | D:10     | Killed Nergalle
 10541 | D:10     | Reached skill level 15 in Axes
 10553 | D:10     | Found a flagged portal.
 10613 | Bailey   | Entered a bailey
 10613 | Bailey   | Noticed an orc knight
 10613 | Bailey   | Noticed an orc knight
 10613 | Bailey   | Noticed an orc knight
 10613 | Bailey   | Noticed an orc knight
 11278 | Bailey   | Killed an orc knight
 11278 | Bailey   | Reached skill level 1 in Evocations
 11284 | Bailey   | Killed an orc knight
 11645 | Bailey   | Killed an orc knight
 11645 | Bailey   | Reached skill level 5 in Invocations
 11648 | Bailey   | HP: 6/142 [orc knight/bardiche (41)]
 11649 | Bailey   | Killed an orc knight
 12013 | Bailey   | Noticed an orc knight
 12021 | Bailey   | Killed an orc knight
 12937 | D:11     | Noticed Sonja
 12941 | D:11     | Killed Sonja
 12986 | D:11     | Received a gift from Okawaru
 12986 | D:11     | Reached XP level 12. HP: 58/103 MP: 7/15
 13152 | D:11     | Noticed a two-headed ogre
 13159 | D:11     | Killed a two-headed ogre
 13348 | D:11     | Noticed Urug
 13361 | D:11     | Killed Urug
 13734 | D:11     | Reached skill level 16 in Axes
 13955 | D:11     | Found a staircase to the Lair.
 14273 | Lair:1   | Entered Level 1 of the Lair of Beasts
 14771 | Lair:1   | Found a blossoming altar of Fedhas.
 14896 | Lair:1   | Reached skill level 1 in Crossbows
 15606 | Lair:2   | Noticed Gastronok
 15617 | Lair:2   | Killed Gastronok
 15617 | Lair:2   | Received a gift from Okawaru
 15949 | Lair:2   | Noticed a seven-headed hydra
 15955 | Lair:2   | Killed a four-headed hydra
 15991 | Lair:2   | Reached skill level 10 in Shields
 15995 | Lair:2   | Received a gift from Okawaru
 16524 | Lair:2   | Noticed a five-headed hydra
 16532 | Lair:2   | Killed a three-headed hydra
 17143 | Lair:3   | Reached skill level 5 in Dodging
 17143 | Lair:3   | Reached XP level 13. HP: 113/113 MP: 17/17
 17320 | Lair:3   | Reached skill level 17 in Axes
 17389 | Lair:3   | Reached skill level 10 in Armour
 17395 | Lair:3   | Reached skill level 10 in Fighting
 17727 | Lair:3   | Received a gift from Okawaru
 18145 | Lair:4   | Found a hole to the Spider Nest.
 18151 | Lair:4   | Reached skill level 5 in Crossbows
 18732 | Lair:4   | Reached ****** piety under Okawaru
 18985 | Lair:4   | Found a staircase to the Swamp.
 19363 | Lair:5   | Noticed Snorg
 19374 | Lair:5   | Killed Snorg
 19585 | Lair:5   | Received a gift from Okawaru
 19691 | Lair:5   | Got a steaming ring mail
 19702 | Lair:5   | Identified the +3 ring mail "Teodukli" {*Drain rElec rPois Dex+9} (You found it on level 5 of the Lair of Beasts)
 19915 | Lair:5   | Reached skill level 18 in Axes
 20342 | Lair:5   | Got a crystal broad axe
 20350 | Lair:6   | Entered Level 6 of the Lair of Beasts
 20378 | Lair:6   | Received a gift from Okawaru
 20378 | Lair:6   | Reached XP level 14. HP: 34/122 MP: 12/18
 20723 | Lair:6   | Got a slimy scarf {god gift}
 20729 | Lair:6   | Identified the scarf "Biblear" {rElec} (Okawaru gifted it to you on level 6 of the Lair of Beasts)
 20799 | Lair:6   | Reached skill level 19 in Axes
 21438 | Lair:6   | Found a burning altar of Makhleb.
 21917 | Lair:6   | Found a gateway to Hell.
 22000 | Lair:6   | Reached skill level 20 in Axes
 22299 | Lair:6   | Found a staircase to the Slime Pits.
 23126 | Lair:4   | Received a gift from Okawaru
 23344 | Lair:1   | Identified the cursed +0 broad axe of Eternal Harmony {drain, +Rage} (You found it on level 5 of the Lair of Beasts)
 23443 | D:12     | Reached skill level 21 in Axes
 23699 | D:12     | Found a staircase to the Orcish Mines.
 23699 | D:12     | Found Konekh's Weapon Shop.
 23715 | D:12     | Received a gift from Okawaru
 24616 | D:13     | Reached XP level 15. HP: 81/128 MP: 20/20
 24843 | D:13     | Upgraded the game from 0.20-a0-1025-g4706f7e to 0.22-a0-135-g6f012ad
 25978 | D:13     | Reached skill level 22 in Axes
 26028 | D:13     | Found a gate to the Vaults.
 26279 | D:14     | Received a gift from Okawaru
 27493 | Orc:1    | Entered Level 1 of the Orcish Mines
 27507 | Orc:1    | Received a gift from Okawaru
 27597 | Orc:1    | Found a bloodstained altar of Trog.
 27985 | Orc:2    | Entered Level 2 of the Orcish Mines
 28047 | Orc:2    | Reached skill level 23 in Axes
 28180 | Orc:2    | Found a staircase to the Elven Halls.
 28835 | Orc:2    | Found Puikheol's Magic Scroll Boutique.
 29006 | Orc:2    | Found Hifudomnue's Magic Scroll Shop.
 29361 | Orc:2    | Received a gift from Okawaru
 29393 | Orc:2    | Found Payz's Gadget Shoppe.
 29393 | Orc:2    | Found Haufricw's Antique Weapon Emporium.
 29396 | Orc:2    | Found a one-way gate leading to the halls of Pandemonium.
 29418 | Orc:2    | Identified the +1 crystal plate armour of Valour {Str+2} (Okawaru gifted it to you on level 2 of the Orcish Mines)
 29420 | Orc:2    | Identified 2 scrolls of acquirement
 29743 | Orc:2    | Bought a scroll of fear for 45 gold pieces
 29743 | Orc:2    | Bought a scroll of enchant armour for 97 gold pieces
 30017 | D:15     | Entered Level 15 of the Dungeon
 30053 | D:15     | Found Akli's Armour Shoppe.
 30088 | D:15     | Found a labyrinth entrance.
 30112 | Lab      | Entered a labyrinth
 30264 | Lab      | Reached skill level 24 in Axes
 30268 | Lab      | Identified the Incunabulum of the Volcanoes and Malediction
 30269 | Lab      | Found the +8 mithril axe "Arga" {speed, MR+}
 30270 | Lab      | Got a translucent scimitar
 30305 | D:15     | Identified the +6 scimitar "Minotaur's Peril" {venom, rF+ MP+9 Str-3 Stlth+} (You found it in a labyrinth)
 30481 | D:15     | Found a staircase to the Depths.
 30488 | D:15     | Reached XP level 16. HP: 119/136 MP: 21/21
 31252 | D:5      | Bought an uncursed ring of see invisible for 210 gold pieces
 31939 | Spider:1 | Entered Level 1 of the Spider Nest
 32188 | Spider:1 | Noticed Azrael
 32194 | Spider:1 | Killed Azrael
 32918 | D:15     | Bought the +0 pair of boots of the Butterfly {rN+ rCorr Dex-3 SInv} for 345 gold pieces
 33329 | Spider:2 | Noticed Arachne
 33343 | Spider:2 | HP: 4/136 [jumping spider (9)]
 33343 | Spider:2 | Slain by a wolf spider

Vault maps used:
D:1:      erik_arrival_gehennom
D:2:      kennysheep_goblin_castle, tgw_trog, serial_forest,
          infiniplex_forest_clump_long, infiniplex_forest_clump_tiny,
          infiniplex_forest_clump_small, infiniplex_forest_clump_cross,
          infiniplex_forest_lined_2, infiniplex_forest_clump_small,
          infiniplex_forest_straight_2, infiniplex_forest_zigzag_1,
          infiniplex_forest_lined_4_way, infiniplex_forest_3_way, uniq_jessica
D:3:      lightli_sewer_entry_pipes, uniq_natasha
D:4:      uniq_iyjb
D:5:      serial_shops, kennysheep_mini, first_bread
D:6:      lemuel_ice_spiral_2, serial_shops, nicolae_shop_crystal,
          xom_redecorated
D:7:      minmay_temple_entry_grid, serial_shops, nicolae_shop_behind_doors,
          the_bakery, minmay_joined_circles
D:9:      serial_shops, nicolae_shop_behind_doors, minmay_st_funbox,
          kennysheep_boxes
D:10:     enter_bailey_2, minmay_liquid_box, lemuel_flame_loot_1, uniq_nergalle
D:11:     david_lair_shrubbed, uniq_sonja, uniq_urug
D:12:     orc_david_3
D:13:     minmay_glassy_protrusions, david_vaults_5, minmay_guarded_unrand_prune
D:14:     kennysheep_decorative_pillar
D:15:     grunt_enter_depths_snipers, nicolae_twisting_strands,
          lab_entry_generic, serial_shops, shop, grunt_decor_fettered
Temple:   kilobyte_greek_temple
Lair:1:   serial_bayou_pond_a, tgw_fedhas
Lair:2:   cheibrodos_lair_river_kwai, uniq_gastronok
Lair:3:   roderic_batcave
Lair:4:   swamp_mist, nicolae_spider_entry_non_spiders
Lair:5:   uniq_snorg
Lair:6:   evil_forest, dpeg_slime_entry_corner, st_stairs_13
Spider:1: uniq_azrael
Spider:2: nicolae_looking_at_the_future, uniq_arachne
Orc:1:    basic_altar
Orc:2:    pf_orc_diabolical, mines4_lemuel
Lab:      labyrinth_hidden_loot, nicolae_lab_dead_end, nicolae_lab_plus,
          nicolae_lab_very_dead_end, nicolae_lab_swirl
Sewer:    sewer_big_baddie
Bailey:   bailey_polearm_4, bailey

Skill      XL: |  1  2  3  4  5  6  7  8  9 10 11 12 13 14 15 16 |
---------------+-------------------------------------------------+-----
Shields        | 4 5 6 7 8 9 10 | 10.1
Armour         | 4 5 6 7 8 9 10 11 | 11.3
Axes           | 3 4 5 6 8 10 12 14 15 16 18 21 24 | 24.4
Fighting       | 4 5 6 7 8 9 10 | 10.7
Dodging        | 1 2 3 4 5 |  5.8
Invocations    | 3 5 6 7 8 |  8.2
Evocations     | 2 |  2.7
Crossbows      | 3 5 6 |  6.4

Action                   |  1- 3 |  4- 6 |  7- 9 | 10-12 | 13-15 | 16-18 || total
-------------------------+-------+-------+-------+-------+-------+-------++-------
Melee: War axe           |    86 |   244 |   293 |   466 |   957 |       ||  2046
       Headbutt          |    12 |    39 |    52 |   125 |   304 |    43 ||   575
       Broad axe         |       |       |       |       |     8 |   141 ||   149
Invok: Heroism           |       |       |       |    11 |    10 |     1 ||    22
       Finesse           |       |       |       |     2 |     2 |     1 ||     5
 Abil: Evoke Flight      |       |       |       |       |       |     2 ||     2
Evoke: Wand              |       |       |       |    24 |       |     1 ||    25
  Use: Scroll            |       |     9 |     4 |     8 |    23 |     1 ||    45
       Potion            |       |     1 |       |    14 |     1 |     6 ||    22
 Stab: Paralysed         |       |       |       |     1 |       |       ||     1
       Petrified         |       |       |       |       |     2 |       ||     2
  Eat: Chunk             |     2 |     9 |    14 |    23 |    40 |     1 ||    89
       Buggy fruit       |       |       |       |     1 |       |       ||     1
       Buggy ration      |       |       |       |     1 |       |       ||     1
       Ration            |       |       |       |       |     1 |     2 ||     3
Armor: Scale mail        |    36 |    32 |    79 |    76 |    21 |       ||   244
       Chain mail        |       |    83 |    20 |       |    16 |       ||   119
       Ring mail         |       |       |       |       |    96 |    37 ||   133
       Crystal plate arm |       |       |       |       |    28 |    32 ||    60
Dodge: Dodged            |    18 |    58 |    79 |   134 |   281 |    96 ||   666
Block: Shield            |    43 |   140 |   124 |   245 |   469 |    34 ||  1055

Table legend:
 A = Spawn XP
 B = Non-spawn XP
 C = Spawn XP percentage of total XP
 D = Spawn monster count
 E = Non-spawn monster count
 F = Spawn count percentage of total count
 G = Total turns spent on level
                    A         B        C        D         E        F      G
               +---------+---------+-------+---------+---------+-------+---------
         Total |       0 |   55087 |   0.0 |       0 |     240 |   0.0 |  8500
               +---------+---------+-------+---------+---------+-------+---------
          D:14 |       0 |   12099 |   0.0 |       0 |      35 |   0.0 |  1352
          D:15 |       0 |   11445 |   0.0 |       0 |      41 |   0.0 |  1220
      Spider:1 |       0 |    7836 |   0.0 |       0 |      23 |   0.0 |   982
      Spider:2 |       0 |     552 |   0.0 |       0 |       2 |   0.0 |    16
         Orc:1 |       0 |    2056 |   0.0 |       0 |      25 |   0.0 |   495
         Orc:2 |       0 |   19277 |   0.0 |       0 |     110 |   0.0 |  1952
           Lab |       0 |    1822 |   0.0 |       0 |       4 |   0.0 |   188
               +---------+---------+-------+---------+---------+-------+---------
